 Dungeon Crawl Stone Soup version 0.31-a0-187-gba352fbbf7 (webtiles) character file.

Game seed: 12053440084931715970

25 qw the Shooter (level 2, -5/16 HPs)
             Began as a Deep Elf Hunter on June 22, 2023.
             Killed from afar by Jessica (7 damage)
             ... with a puff of flame
             ... on level 1 of the Dungeon.
             The game lasted 00:00:15 (542 turns).

qw the Shooter (Deep Elf Hunter)                     Turns: 542, Time: 00:00:15

Health: -5/16      AC:  3    Str:  8    XL:     2   Next: 82%
Magic:  4/4        EV: 12    Int: 13    God:
Gold:   91         SH:  0    Dex: 18    Spells: 1/1 levels left

rFire   . . .        Y - +0 shortbow
rCold   . . .        (shield currently unavailable)
rNeg    . . .        c - +0 leather armour
rPois   .            (no helmet)
rElec   .            (no cloak)
rCorr   .            (no gloves)
SInv    .            (no boots)
Will    .....        (no amulet)
Stlth   ++           (no ring)
HPRegen 0.22/turn    (no ring)
MPRegen 0.09/turn

%: no passive effects
@: no status effects
A: no striking features
a: no special abilities


You were on level 1 of the Dungeon.
You visited 1 branch of the dungeon, and saw 2 of its levels.

You collected 91 gold pieces.


   Skills:
 - Level 1.5 Fighting
 + Level 6.5 Ranged Weapons
 - Level 2.4 Dodging
 - Level 1.2 Stealth


You had one spell level left.
You didn't know any spells.
Your spell library was empty.

Inventory:

Hand Weapons
 Y - a +0 shortbow (weapon)
Armour
 c - a +0 leather armour (worn)
Potions
 d - a potion of curing {unknown}

Dungeon Overview and Level Annotations

Branches:
Dungeon (2/15)

Altars:

Shops:
D:1 [

Annotations:
D:1 Jessica


Message History

Enter note: Done exploring.
528 ||| READING 4 scrolls labelled DUGONU IKHOZ.
As you read the scroll labelled DUGONU IKHOZ, it crumbles to dust.
You hear a loud clanging noise!
It was a scroll of noise.
Done exploring.
529 ||| DROPPING 3 scrolls of noise.
You drop 3 scrolls of noise.
Done exploring.
530 ||| DROPPING scroll of butterflies.
You drop a scroll of butterflies.
Done exploring.
(D) Dungeon
Where to? (* - list waypoints, ? - help)
What level of the Dungeon? (default 1, ? - help)
There is a stone staircase leading down here.
You climb downwards.
There is a stone staircase leading up here.
A rat is nearby!
Waypoint 1 assigned to D:2.
You shoot an arrow. The arrow hits the rat.
The rat is severely wounded.
You hear a shout!
A quokka comes into view.
You hear an angry hiss.
You shoot an arrow. The arrow barely misses the quokka.
An adder comes into view.
Jessica the Apprentice Sorceress comes into view.
She is wielding a +0 club and carrying a wand of flame (13).
You shoot an arrow. The arrow hits Jessica!
Jessica is severely wounded.
Jessica casts a spell at you. Pain shoots through your body!
Ouch! That really hurt!
539 ||| STAIRDANCE Jessica hits you with a +0 club.
The quokka closely misses you.
You climb upwards.
There is a stone staircase leading down here.
You shoot an arrow. The arrow barely misses Jessica.
The quokka bites you.
Jessica drinks a potion.
Jessica is healed!
You shoot an arrow. The arrow closely misses Jessica.
The quokka barely misses you.
Jessica zaps a wand.
The puff of flame hits you!
You die...

#.#..## ##.......#.......##
#.#...###....}...#..(#...#.
#.#........)....#....#....#
#.#.....................#..
#.#########################
##.......?......#
#..............#
#.........@....#
#........@r....#
################


You could see Jessica and a quokka.

Vanquished Creatures
  A dart slug (D:1)
  An endoplasm (D:1)
  A giant cockroach (D:1)
  2 goblins (D:1)
  2 hobgoblins (D:1)
  2 quokkas (D:1)
  2 ball pythons (D:1)
  4 bats (D:1)
  4 frilled lizards (D:1)
  2 kobolds (D:1)
  2 rats (D:1)
23 creatures vanquished.

Notes
Turn   | Place    | Note
-------+----------+-------------------------------------------
     0 | D:1      | qw the Deep Elf Hunter began the quest for the Orb.
     0 | D:1      | Reached XP level 1. HP: 12/12 MP: 3/3
     0 | D:1      | 0 ||| qw: Version: 0.3-a-9-g12657ce
     0 | D:1      | 0 ||| qw: Game counter: 2100
     0 | D:1      | 0 ||| qw: Always use a shield: true
     0 | D:1      | 0 ||| qw: God list: Okawaru
     0 | D:1      | 0 ||| qw: Allow faded altars: false
     0 | D:1      | 0 ||| qw: Do Orc after D:15 true
     0 | D:1      | 0 ||| qw: Do second Lair branch before Depths: true
     0 | D:1      | 0 ||| qw: Lair rune preference: random
     0 | D:1      | 0 ||| qw: Plans: Normal
     0 | D:1      | 0 ||| PLANNING D:1-11
   106 | D:1      | Reached skill level 6 in Ranged Weapons
   106 | D:1      | Reached XP level 2. HP: 16/16 MP: 4/4
   266 | D:1      | Found Hyaxtit's Antique Armour Shop.
   280 | D:1      | 280 ||| SHOPLISTING pair of glowing boots (225 gold, have
                  | 64).
   280 | D:1      | 280 ||| SHOPLISTING ring mail (120 gold, have 64).
   280 | D:1      | 280 ||| SHOPLISTING scale mail (120 gold, have 64).
   280 | D:1      | 280 ||| SHOPLISTING shiny scale mail (210 gold, have 64).
   528 | D:1      | 528 ||| READING 4 scrolls labelled DUGONU IKHOZ.
   529 | D:1      | 529 ||| DROPPING 3 scrolls of noise.
   530 | D:1      | 530 ||| DROPPING scroll of butterflies.
   537 | D:2      | Noticed Jessica
   539 | D:2      | 539 ||| STAIRDANCE
   539 | D:2      | HP: 3/16 [Jessica/+0 club (6)]
   542 | D:1      | Killed from afar by Jessica

Levels and vault maps discovered:
D:1:      erik_arrival_cave_to_civilisation [erik_arrival_cave_to_hall],
          layout_rooms, serial_shops, shop, chequers_mini_garden,
          minmay_lizard_king
D:2:      layout_loops_cross, uniq_terence, uniq_jessica,
          uniq_crazy_yiuf_cottage

Skill      XL: |  1 |
---------------+----+-----
Ranged Weapons | 6 |  6.5
Fighting       | |  1.5
Dodging        | |  2.4
Stealth        | |  1.2

Action                     || total
---------------------------++-------
   Fire: Shortbow          ||    64
    Use: Scroll            ||     1
 Armour: Leather armour    ||    10
  Dodge: Dodged            ||    19

Table legend:
 A = Non-vault XP
 B = Vault XP
 C = Vault XP percentage of total XP
 D = Non-vault monster count
 E = Vault monster count
 F = Vault count percentage of total count
                 A         B        C        D         E       F
            +---------+---------+-------+---------+---------+-------
      Total |      26 |      10 |  27.8 |      17 |       6 |  26.1
            +---------+---------+-------+---------+---------+-------
        D:1 |      26 |      10 |  27.8 |      17 |       6 |  26.1
            +---------+---------+-------+---------+---------+-------
